 Dungeon Crawl Stone Soup version 0.30-a0-2-gf48d83f5e2 (webtiles) character file.

Game seed: 14168235133945180205

0 jlumianski the Chopper (level 1, 0/16 HPs)
             Began as a Demonspawn Gladiator on Aug 20, 2022.
             Succumbed to a kobold's poison
             ... on level 1 of the Dungeon.
             The game lasted 00:00:14 (41 turns).

jlumianski the Chopper (Demonspawn Gladiator)         Turns: 41, Time: 00:00:15

Health: 0/16       AC:  4    Str: 14    XL:     1   Next: 8%
Magic:  1/1        EV: 12    Int:  9    God:
Gold:   0          SH:  0    Dex: 14    Spells: 0/0 levels left

rFire   . . .      SeeInvis .    a - +0 war axe
rCold   . . .      Faith    .    (no shield)
rNeg    . . .      Spirit   .    b - +0 leather armour
rPois   .          Reflect  .    c - +0 helmet
rElec   .          Harm     .    (no cloak)
rCorr   .          Rampage  .    (no gloves)
Will    .....                    (no boots)
Stlth   +.........               (no amulet)
HPRegen 0.05/turn                (no ring)
MPRegen 0.07/turn                (no ring)

@: lethally poisoned (0 -> -5)
A: no striking features
a: no special abilities


You were on level 1 of the Dungeon.
You visited 1 branch of the dungeon, and saw 1 of its levels.

Inventory:

Hand Weapons
 a - a +0 war axe (weapon)
Missiles
 d - 3 throwing nets (quivered)
 e - a javelin
 f - 9 stones
Armour
 b - a +0 leather armour (worn)
 c - a +0 helmet (worn)


   Skills:
 + Level 2.0 Fighting
 + Level 2.7 Axes
 + Level 1.7 Throwing
 + Level 2.6 Dodging


You couldn't memorise any spells.
You didn't know any spells.
Your spell library was empty.

Dungeon Overview and Level Annotations

Branches:
Dungeon (1/15)

Altars:


Message History

Welcome, jlumianski the Demonspawn Gladiator.
Are you destined to find the awesome Orb of Zot, or to die trying?
Press ? for a list of commands and other information.
Found a staircase leading out of the dungeon.
You open the door.
There is an open door here.
You open the door.
There is an open door here.
Found 9 stones.
A bat comes into view.
A kobold comes into view. It is wielding a +1 dagger of venom.
You see here 9 stones.
f - 9 stones The bat barely misses you.
The kobold attacks as you move away!
The kobold hits you with a +1 dagger of venom.
You are poisoned.
The bat attacks as you move away! The bat hits you but does no damage.
You feel sick. The bat closely misses you.
You feel sick. The bat hits you but does no damage.
You feel sick. The bat attacks as you move away! The bat hits you.
The kobold attacks as you move away! The kobold misses you.
You feel sick. The bat hits you. The bat barely misses you.
You barely miss the bat.
You feel sick. The bat barely misses you. x2
You barely miss the bat.
You feel sick.
You are no longer poisoned.
The bat barely misses you. The bat hits you but does no damage.
The bat closely misses you.
You miss the bat. The bat closely misses you. The kobold barely misses you.
You closely miss the kobold.
The kobold hits you with a +1 dagger of venom.
* * * LOW HITPOINT WARNING * * *
You are lethally poisoned!
You hit the kobold.
You kill the kobold!
* * * LOW HITPOINT WARNING * * *
You feel sick. The bat hits you but does no damage.
You die...

+.... #..#'######
#....# #.......#
#.....##.#####.#
###......#.#####.#
+......#.#.#.....#
#....#.#.#.....#
#.......b#.....#
###.##..##.....#
#..$.b@......#
#####.########
.... #####. ##


You could see a bat.

Vanquished Creatures
  A kobold (D:1)
1 creature vanquished.

Notes
Turn   | Place    | Note
-------+----------+-------------------------------------------
     0 | D:1      | jlumianski the Demonspawn Gladiator began the quest for the
                  | Orb.
     0 | D:1      | Reached XP level 1. HP: 16/16 MP: 1/1
    41 | D:1      | Succumbed to a kobold's poison

Illustrated notes

Levels and vault maps discovered:
D:1:      ncdulo_smallfort, layout_basic, hellmonk_ecumenical_altar_zigzags,
          serial_shops, nicolae_square_shop, roderic_lattice_a, minmay_3d_cube

Action                   || total
-------------------------++-------
Melee: War axe           ||     5
Armor: Leather armour    ||     4
Dodge: Dodged            ||    10

Table legend: (Time is in decaauts)
 A = Elapsed time spent in this place.
 B = Non-inter-level travel time spent in this place.
 C = Inter-level travel time spent in this place.
 D = Time resting spent in this place.
 E = Time spent auto-exploring this place.
 F = Levels seen in this place.
 G = Mean time per level.
                   A        B        C        D        E       F      G
               +--------+--------+--------+--------+--------+-----+--------+
         Total |     43 |     43 |      0 |      0 |     27 |   1 |   43.0 |
       Dungeon |     43 |     43 |      0 |      0 |     27 |   1 |   43.0 |
               +--------+--------+--------+--------+--------+-----+--------+

Top non-repeatable levels by time:
     D:1: 43 daAuts
